Map: 뉴 리퍼그넌시 - 래더

Players

lllIIIIllll (Creator)

  • Race: Protoss Protoss
  • League: Master
  • Spawn Location: 7:00

TSGSolar (Solar) - Winner!

  • Race: Zerg Zerg
  • Spawn Location: 1:00

Event: HomeStory Cup XIX

VOD

Have the link to the VOD?

Description

Time

  • Played on: June 27, 2019, 10:14 a.m.
  • Length: 7:12

All games in this series

Show
View Real Time Build Order
Export as new Build Order

lllIIIIllll Protoss 

Build Orders: 1 Gate Expand, Chargelot Immortal 

Get SALT Encoding   

  12  0:00  Probe  
  13  0:12  Probe  
  14  0:19  Pylon  
  14  0:24  Probe  
  15  0:33  Probe  
  15  0:39  Gateway  
  15  0:41  Probe  
  16  0:46  Assimilator  
  17  0:51  Probe  
  18  1:03  Probe  
  19  1:15  Probe  
  20  1:23  Nexus  
  20  1:32  Cybernetics Core  
  20  1:35  Probe  
  21  1:41  Assimilator  
  21  1:47  Probe  
  21  1:50  Pylon  
  22  1:56  Pylon  
  22  2:00  Probe, Adept  
  23  2:12  Probe  
  26  2:16  Robotics Facility  
  26  2:24  Probe  
  26  2:28  Stalker  
  27  2:30  Warp Gate  
  27  2:34  Probe x2  
  29  2:42  Probe x2  
  33  2:52  Probe x2  
  33  2:55  Warp Prism  
  37  3:09  Gateway  
  37  3:10  Sentry  
  39  3:14  Probe x2  
  41  3:21  Pylon  
  41  3:26  Probe x2  
  43  3:33  Immortal  
  43  3:38  Probe  
  43  3:39  Probe  
  49  3:50  Pylon  
  49  3:51  Probe x2  
  51  3:55  Pylon  
  51  3:59  Immortal  
  51  4:03  Probe x2  
  51  4:06  Assimilator  
  51  4:08  Assimilator  
  53  4:16  Probe x2, Twilight Council  
  59  4:20  Forge  
  59  4:24  Adept  
  61  4:25  Sentry  
  63  4:38  Observer  
  64  4:46  Probe  
  64  4:48  Gateway  
  64  4:49  Gateway x2  
  64  4:52  Adept  
  67  4:55  Gateway  
  67  4:57  Charge  
  67  5:10  Pylon  
  67  5:11  Protoss Ground Weapons Level 1  
  67  5:13  Immortal  
  67  5:21  Shield Battery  
  67  5:25  Templar Archives  
  69  5:29  Sentry, Adept  
  69  5:30  Shield Battery  
  69  5:32  Shield Battery  
  69  5:34  Pylon  
  69  5:42  Immortal  
  69  5:55  Zealot x2  
  77  5:57  Zealot x2  
  79  6:09  Zealot x2  
  69  6:17  Zealot  
  69  6:18  Zealot  
  57  6:34  High Templar x2  
  57  6:39  Archon  
  51  6:46  Zealot  
  51  6:47  Zealot x2  
Show
View Real Time Build Order
Export as new Build Order

TSGSolar Zerg - Winner!

Build Orders: Hatch First 

Get SALT Encoding   

  12  0:01  Drone  
  13  0:12  Overlord  
  13  0:17  Drone  
  14  0:31  Drone x2  
  16  0:49  Hatchery  
  15  0:51  Drone  
  15  0:55  Drone  
  17  0:58  Drone  
  18  1:09  Extractor  
  17  1:14  Spawning Pool  
  17  1:17  Drone  
  17  1:20  Drone  
  18  1:28  Drone  
  19  1:40  Drone  
  20  1:59  Overlord  
  20  2:01  Zergling x4, Queen x2  
  26  2:12  Drone x2  
  26  2:14  Metabolic Boost  
  29  2:22  Drone  
  29  2:23  Drone  
  30  2:37  Hatchery  
  30  2:40  Drone  
  30  2:47  Queen  
  32  2:51  Overlord  
  32  2:53  Zergling x2  
  32  2:56  Drone  
  34  2:59  Drone  
  34  3:01  Drone  
  36  3:10  Drone  
  36  3:11  Drone x4  
  41  3:14  Drone  
  41  3:18  Drone  
  43  3:23  Drone, Overlord  
  44  3:31  Overlord  
  44  3:41  Overlord  
  44  3:42  Drone x3  
  47  3:49  Drone  
  47  3:50  Drone x3  
  47  3:51  Roach Warren  
  47  3:54  Drone  
  51  3:56  Overlord  
  51  4:00  Zergling x2  
  51  4:01  Zergling x6  
  55  4:04  Extractor x2  
  55  4:05  Drone  
  55  4:07  Drone  
  55  4:10  Overlord  
  55  4:16  Drone  
  56  4:18  Overlord  
  56  4:30  Roach x8  
  71  4:34  Zergling x4  
  71  4:36  Zergling x2  
  71  4:37  Roach  
  76  4:42  Roach x2  
  80  4:46  Overlord  
  80  4:47  Zergling x2  
  80  4:48  Zergling x2  
  80  4:52  Zergling x4  
  84  4:55  Overlord  
  84  4:59  Zergling x2, Ravager x2  
  88  5:00  Zergling x4  
  88  5:03  Zergling x2  
  88  5:04  Overlord  
  89  5:07  Ravager  
  89  5:08  Zergling x2  
  89  5:09  Zergling x4  
  89  5:12  Zergling x2  
  92  5:22  Zergling x2  
  92  5:23  Zergling x10  
  92  5:25  Zergling x6  
  101  5:28  Ravager  
  101  5:29  Ravager  
  101  5:30  Zergling x4  
  102  5:37  Zergling x8  
  103  5:42  Ravager  
  103  5:43  Zergling x6  
  106  5:54  Zergling x6  
  106  6:00  Zergling x2  
  106  6:01  Zergling x10  
  106  6:02  Ravager x2  
  107  6:05  Zergling x4  
  107  6:10  Zergling x2  
  96  6:17  Zergling x10  
  93  6:22  Zergling x2  
  90  6:27  Zergling x2  
  90  6:32  Zergling x10  
  93  6:38  Drone  
  92  6:40  Drone  
  92  6:41  Drone  
  90  6:49  Drone  
  90  6:50  Drone  
  90  6:53  Drone, Extractor  
  89  6:54  Evolution Chamber  
  89  6:56  Drone  
  89  6:57  Drone  
  89  6:58  Drone x2  
  89  6:59  Drone x5  
Tags
 
Add a new tag
Caveats
  • Supply blocks, unpowered buildings, or Contaminate may cause inaccurate times.
  • Supply counts are checked every 10 seconds.